 Dungeon Sprint DCSS version 0.22-a0-346-ga714374 (webtiles) character file.

6 emperorscorpion the Grave Robber (level 1, -3/16 HPs)
             Began as an Octopode Necromancer on Apr 6, 2018.
             Killed by nerve-wracking pain
             ... invoked by a shadow imp
              (13 damage)
             ... in the Dungeon (Sprint IX: "|||||||||||||||||||||||||||||").
             The game lasted 00:00:18 (144 turns).

emperorscorpion the Grave Robber (OpNe)              Turns: 144, Time: 00:00:18

Health: -3/16      AC:  1    Str: 12    XL:     1   Next: 90%
Magic:  4/4        EV: 13    Int: 17    God:
Gold:   0          SH:  0    Dex: 12    Spells: 3/5 levels left

rFire    . . .     SeeInvis .   (no weapon)
rCold    . . .     Gourm    .   (no shield)
rNeg     . . .     Faith    .   (helmet restricted)
rPois    .         Spirit   .   (no amulet)
rElec    .         Reflect  .   (no ring)
rCorr    .         Harm     .   (no ring)
MR       .....     NoTele   +   (no ring)
Stlth    ..........             (no ring)
HPRegen  0.05/turn              (no ring)
MPRegen  0.09/turn              (no ring)
                                (no ring)
                                (no ring)

@: berserking (expiring), very quick
A: almost no armour, stealthy swim, amphibious, 8 rings, constrict 8, camouflage
1, gelatinous body 1
a: no special abilities


You were in the Dungeon.
You were not hungry.

You visited 1 branch

Inventory:

Scrolls
 h - a scroll of blinking
Potions
 c - a potion of curing
 d - a potion of heal wounds
 e - a potion of haste
 f - 2 potions of magic
Comestibles
 a - a chunk of flesh
 b - a ration


   Skills:
 + Level 2.3 Dodging
 + Level 2.9 Stealth
 + Level 0.1 Unarmed Combat
 + Level 2.6 Spellcasting
 + Level 4.8 Necromancy


You had 3 spell levels left.
You knew the following spells:

 Your Spells              Type           Power        Failure   Level  Hunger
a - Pain                  Necr           ###.         2%          1    #......
b - Animate Skeleton      Necr           N/A          2%          1    #......


Dungeon Overview and Level Annotations

Branches:
Dungeon (1/1)

Altars:


Innate Abilities, Weirdness & Mutations

You cannot wear most types of armour.
You are very stealthy in the water. (Stealth+)
You are amphibious.
You can wear up to eight rings at the same time.
You can use your tentacles to constrict eight enemies at once.
Your skin changes colour to match your surroundings (Stealth+).
Your rubbery body absorbs attacks. (AC +1, EV +1)


Message History

A red film seems to cover your vision as you go berserk!
You feel yourself moving faster!
You feel mighty!
The shadow imp shouts!
The crimson imp shouts!
You tentacle-slap the phantom.
The phantom is lightly damaged.
You closely miss the phantom. Your squeeze misses the phantom.
The phantom is lightly damaged.
The phantom misses you.
You miss the phantom. You squeeze the phantom.
The phantom is moderately damaged.
The phantom hits you.
The phantom blinks!
The crimson imp spits at you. The quokka barely misses you.
There is an open door here.
You bludgeon the quokka!
You kill the quokka!
The shadow imp gestures at you. Pain shoots through your body!
Ouch! That really hurt!
You die...

▓.▓
▓.▓
▓'▓
▓.▓
▓W▓
▓.▓
▓.▓
▓.▓
▓@▓
▓.▓
▓5▓
▓W▓
▓.▓
▓5▓
▓+▓


You could see 2 phantoms, a crimson imp and a shadow imp.

Vanquished Creatures
  A ball python (D)
  A bat (D)
  A quokka (D)
  3 rats (D)
6 creatures vanquished.

Vanquished Creatures (others)
  A spatial maelstrom (D)
1 creature vanquished.

Grand Total: 7 creatures vanquished

Notes
Turn   | Place    | Note
-------+----------+-------------------------------------------
     0 | D        | emperorscorpion the Octopode Necromancer began the quest for the Orb.
     0 | D        | Reached XP level 1. HP: 11/11 MP: 3/3
     1 | D        | Banished a spatial maelstrom
    23 | D        | Learned a level 1 spell: Animate Skeleton
   138 | D        | Noticed a phantom
   138 | D        | Noticed a phantom
   138 | D        | Noticed a crimson imp
   144 | D        | Killed from afar by a shadow imp

Vault maps used:
D:        linesprint

Action                   || total
-------------------------++-------
Melee: Unarmed           ||    15
       Constrict         ||     5
       Tentacles         ||     3
  Use: Potion            ||     1
 Stab: Sleeping          ||     1
Dodge: Dodged            ||     7

Table legend:
 A = Spawn XP
 B = Non-spawn XP
 C = Spawn XP percentage of total XP
 D = Spawn monster count
 E = Non-spawn monster count
 F = Spawn count percentage of total count
 G = Total turns spent on level
                    A         B        C        D         E        F      G
               +---------+---------+-------+---------+---------+-------+---------
         Total |       0 |       9 |   0.0 |       0 |       6 |   0.0 |   144
               +---------+---------+-------+---------+---------+-------+---------
             D |       0 |       9 |   0.0 |       0 |       6 |   0.0 |   144
               +---------+---------+-------+---------+---------+-------+---------
